 Dungeon Crawl Stone Soup version 0.22.0-6-g71bd7aa (webtiles) character file.

1772 Dietz the Slasher (level 9, -7/65 HPs)
             Began as a Barachi Necromancer on Aug 15, 2018.
             Was an Initiate of Cheibriados.
             Engulfed by a cloud of flame (9 damage)
             ... on level 8 of the Dungeon.
             The game lasted 00:35:26 (9785 turns).

Dietz the Slasher (Barachi Necromancer)             Turns: 9785, Time: 00:35:26

Health: -7/65      AC:  9    Str: 10    XL:     9   Next: 7%
Magic:  9/18       EV: 22    Int: 23    God:    Cheibriados [......]
Gold:   146        SH:  0    Dex: 21    Spells: 8/20 levels left

rFire    + + .     SeeInvis .   d - +2 whip (elec)
rCold    . . .     Gourm    +   (no shield)
rNeg     + + .     Faith    .   a - +0 robe
rPois    +         Spirit   .   h - +1 helmet "Ekkaon" {rC- rN++}
rElec    +         Reflect  .   (no cloak)
rCorr    +         Harm     .   D - +2 pair of gloves
MR       .....                  (no boots)
Stlth    ++........             n - amulet of the gourmand
HPRegen  0.20/turn              y - ring of protection from fire
MPRegen  0.16/turn              z - +2 ring of protection

@: confused, brilliant, agile, resistant, can't hop, very slow
A: +LOS, swims, slowness 1, strong legs 1
a: Hop, Bend Time, Renounce Religion


You were on level 8 of the Dungeon.
You worshipped Cheibriados.
Cheibriados was noncommittal.
You were very full.

You visited 2 branches of the dungeon, and saw 9 of its levels.
You also visited: Sewer.

You collected 311 gold pieces.
You spent 165 gold pieces at shops.

Inventory:

Hand Weapons
 d - a +2 whip of electrocution (weapon)
 e - a +1 dagger of venom
 k - a +0 whip of draining
 o - a +1 whip of venom
 C - a +0 scimitar
Missiles
 f - 104 stones (quivered)
 j - 44 poisoned needles
Armour
 a - a +0 robe (worn)
 h - the +1 helmet "Ekkaon" (worn) {rC- rN++}
   (You took it off Robin on level 1 of the Dungeon)

   It makes you vulnerable to cold.
   It greatly protects you from negative energy.
 D - a +2 pair of gloves (worn)
Jewellery
 n - an amulet of the gourmand (around neck)
 y - a ring of protection from fire (left hand)
 z - a +2 ring of protection (right hand)
Scrolls
 b - a scroll of enchant weapon
 q - 5 scrolls of remove curse
 u - 3 scrolls of amnesia
 A - 3 scrolls of magic mapping
Potions
 i - 2 potions of resistance
 l - a potion of ambrosia
 p - a potion of might
 r - 2 potions of flight
 v - a potion of magic
 x - 2 potions of invisibility
 B - a potion of mutation
 F - 2 potions of brilliance
Comestibles
 c - 17 rations


   Skills:
 + Level 3.8 Fighting
 * Level 6.5 Long Blades
 + Level 6.0 Dodging
 - Level 1.7 Stealth
 - Level 6.0 Spellcasting
 - Level 6.0 Necromancy


You had 8 spell levels left.
You knew the following spells:

 Your Spells              Type           Power        Failure   Level  Hunger
a - Pain                  Necr           ####         1%          1    None
b - Animate Skeleton      Necr           N/A          1%          1    None
c - Vampiric Draining     Necr           #####.....   1%          3    #......
d - Regeneration          Chrm/Necr      ####......   1%          3    #......
e - Animate Dead          Necr           N/A          1%          4    ###....

Your spell library contained the following spells:

 Spells                   Type           Power        Failure   Level  Hunger


Dungeon Overview and Level Annotations

Branches:
Dungeon (8/15)             Temple (1/1) D:6
   Lair: D:8-11

Altars:
Ashenzari
Cheibriados
Dithmenos
Elyvilon
Fedhas
Gozag
Hepliaklqana
Kikubaaqudgha
Makhleb
Nemelex Xobeh
Okawaru
Qazlal
Ru
Sif Muna
Trog
Uskayaw
Vehumet
Wu Jian
Xom
Yredelemnul
Zin
The Shining One

Shops:
D:4 %   D:5 [   D:7 ?%

Annotations:
D:4 Grinder, Sigmund


Innate Abilities, Weirdness & Mutations

Shadows flee at your approach. (+LOS)
You can swim through water.
You cover ground slowly.
You can hop short distances.


Message History

It was a potion of agility.
You feel agile all of a sudden.
You are engulfed in blazing flames.
You resist.
* * * LOW HITPOINT WARNING * * *
You feel protected.
You are engulfed in blazing flames.
You resist.
* * * LOW HITPOINT WARNING * * *
You feel better.
You are engulfed in blazing flames.
You resist.
* * * LOW HITPOINT WARNING * * *
You feel better.
You are engulfed in blazing flames.
You resist.
* * * LOW HITPOINT WARNING * * *
You feel better.
You are engulfed in blazing flames.
You resist.
* * * LOW HITPOINT WARNING * * *
You are engulfed in blazing flames.
You resist.
* * * LOW HITPOINT WARNING * * *
You see here 2 chunks of flesh.
Okay, then.
You are confused.
You feel invigorated.
You are engulfed in blazing flames.
You resist.
You die...

### #§#
#@#
#.§§§.#
#######


There were no monsters in sight!

Vanquished Creatures
  A sky beast (D:5)
  A necrophage (D:6)
  7 ogres
  A centaur (D:2)
  A big kobold (Sewer)
  2 scorpions
  A howler monkey (D:6)
  2 crimson imps
  A bullfrog zombie (D:5)
  A centaur skeleton (D:5)
  A bullfrog skeleton (D:5)
  5 hounds
  4 iguanas
  An orc wizard (D:5)
  A worker ant zombie (D:5)
  Robin (D:1)
  2 gnolls (D:7)
  3 adders
  An ooze (D:4)
  An adder skeleton (D:5)
  A worm (D:3)
  5 dart slugs
  12 leopard geckos
  6 orcs
  8 bats
  5 giant cockroaches
  6 hobgoblins
  18 jackals
  16 kobolds
  2 quokkas
  A frilled lizard (D:2)
  14 goblins
  A jackal zombie (D:5)
  2 quokka skeletons (D:5)
  12 rats
147 creatures vanquished.

Vanquished Creatures (collateral kills)
  A water moccasin (D:5)
  A worm (D:2)
  A goblin (D:1)
  2 jackals
5 creatures vanquished.

Vanquished Creatures (others)
  4 toadstools (D:1)
4 creatures vanquished.

Grand Total: 156 creatures vanquished

Notes
Turn   | Place    | Note
-------+----------+-------------------------------------------
     0 | D:1      | Dietz the Barachi Necromancer began the quest for the Orb.
     0 | D:1      | Reached XP level 1. HP: 13/13 MP: 3/3
    98 | D:1      | Learned a level 1 spell: Animate Skeleton
   172 | D:1      | Reached XP level 2. HP: 6/19 MP: 1/5
  1378 | D:1      | Reached XP level 3. HP: 22/24 MP: 2/6
  2155 | D:1      | Learned a level 3 spell: Vampiric Draining
  2159 | D:1      | Learned a level 3 spell: Regeneration
  2460 | D:2      | Noticed a centaur
  2511 | D:2      | Noticed Robin
  2754 | D:1      | Killed Robin
  2754 | D:1      | Reached XP level 4. HP: 5/30 MP: 0/8
  2756 | D:1      | Got a distressingly furry helmet
  2948 | D:1      | Identified the +1 helmet "Ekkaon" {rC- rN++} (You took it off Robin on level 1 of the Dungeon)
  3334 | D:2      | Reached XP level 5. HP: 36/36 MP: 8/10
  3350 | D:2      | Found a bloodstained altar of Trog.
  3471 | D:2      | You fall through a shaft for 2 floors!
  3667 | D:4      | Noticed an ogre
  3721 | D:4      | Noticed Grinder
  3934 | D:4      | Reached skill level 1 in Fighting
  4071 | D:4      | Found a glowing drain.
  4097 | Sewer    | Entered a sewer
  4286 | Sewer    | Noticed a big kobold
  4302 | Sewer    | Killed a big kobold
  4302 | Sewer    | Reached skill level 5 in Necromancy
  4302 | Sewer    | Reached XP level 6. HP: 36/43 MP: 2/12
  4448 | Sewer    | Found a white marble altar of Elyvilon.
  4493 | D:4      | Found an iron altar of Okawaru.
  4545 | D:4      | Learned a level 4 spell: Animate Dead
  4580 | D:4      | Noticed Sigmund
  5450 | D:2      | Reached skill level 1 in Long Blades
  6155 | D:3      | Found a basalt altar of Yredelemnul.
  6311 | D:4      | Found Doostibbi's Food Shoppe.
  6695 | D:5      | Entered Level 5 of the Dungeon
  6803 | D:5      | Reached XP level 7. HP: 29/48 MP: 14/14
  6831 | D:5      | Reached skill level 5 in Spellcasting
  7147 | D:5      | Found Raunas's Antique Armour Emporium.
  7150 | D:5      | Bought a pair of glowing gloves for 165 gold pieces
  7450 | D:5      | Found an ancient bone altar of Kikubaaqudgha.
  7522 | D:5      | Found an opulent altar of Gozag.
  7878 | D:5      | Reached XP level 8. HP: 46/56 MP: 16/16
  8563 | D:4      | Reached skill level 5 in Long Blades
  8794 | D:6      | Found an ornate altar of the Wu Jian Council.
  8825 | D:6      | Reached skill level 5 in Dodging
  8890 | D:6      | Found a staircase to the Ecumenical Temple.
  8901 | Temple   | Entered the Ecumenical Temple
  9069 | Temple   | Became a worshipper of Cheibriados the Contemplative
  9261 | D:7      | Found Bana's Food Boutique.
  9268 | D:7      | Reached XP level 9. HP: 43/65 MP: 5/18
  9715 | D:7      | Found Feiwu's Magic Scroll Emporium.
  9780 | D:8      | HP: 1/65 [cloud of flame (6)]
  9785 | D:8      | Engulfed by a cloud of flame

Skill      XL: |  1  2  3  4  5  6  7  8  9 |
---------------+----------------------------+-----
Necromancy     | 4 5 6 |  6.0
Spellcasting   | 3 4 5 6 |  6.0
Fighting       | 1 2 3 |  3.8
Dodging        | 3 5 6 |  6.0
Long Blades    | 1 3 6 |  6.5
Stealth        | |  1.7

Action                   |  1- 3 |  4- 6 |  7- 9 || total
-------------------------+-------+-------+-------++-------
Melee: Dagger            |    83 |    13 |       ||    96
       Unarmed           |     2 |       |       ||     2
       Whip              |       |   123 |   100 ||   223
Throw: Stone             |       |     1 |       ||     1
 Cast: Pain              |    84 |    45 |    85 ||   214
       Animate Skeleton  |    14 |    17 |     7 ||    38
       Regeneration      |     3 |       |       ||     3
       Vampiric Draining |     1 |     1 |     8 ||    10
       Animate Dead      |       |       |     1 ||     1
 Abil: Hop               |       |       |     2 ||     2
  Use: Scroll            |       |     3 |    12 ||    15
       Potion            |       |       |    11 ||    11
 Stab: Sleeping          |       |     4 |       ||     4
  Eat: Chunk             |     8 |    21 |    12 ||    41
Armor: Robe              |    15 |    35 |    71 ||   121
Dodge: Dodged            |    60 |   101 |   186 ||   347
